 Dungeon Crawl Stone Soup version 0.22-a0-448-g1fb7470 (webtiles) character file.

7 iamserjio the Grasshopper (level 2, 0/19 HPs)
             Began as a Halfling Warper on June 4, 2018.
             Slain by a kobold (4 damage)
             ... on level 1 of the Dungeon.
             The game lasted 00:02:20 (404 turns).

iamserjio the Grasshopper (Halfling Warper)          Turns: 404, Time: 00:02:21

Health: 0/19       AC:  3    Str: 12    XL:     2   Next: 10%
Magic:  4/4        EV: 14    Int: 11    God:
Gold:   20         SH:  0    Dex: 13    Spells: 4/4 levels left

rFire    . . .     SeeInvis .   a - +0 short sword
rCold    . . .     Gourm    .   (shield restricted)
rNeg     . . .     Faith    .   b - +0 leather armour
rPois    .         Spirit   .   (no helmet)
rElec    .         Reflect  .   (no cloak)
rCorr    .         Harm     .   (no gloves)
MR       .....                  (no boots)
Stlth    +.........             (no amulet)
HPRegen  0.06/turn              (no ring)
MPRegen  0.09/turn              (no ring)

@: no status effects
A: small, mutation resistance 1
a: no special abilities


You were on level 1 of the Dungeon.
You were not hungry.

You visited 1 branch of the dungeon, and saw 1 of its levels.

You collected 20 gold pieces.

Inventory:

Hand Weapons
 a - a +0 short sword (weapon)
Missiles
 e - 5 tomahawks of dispersal (quivered)
Armour
 b - a +0 leather armour (worn)
Scrolls
 c - a scroll of fog {unknown}
 d - 2 scrolls of blinking
Comestibles
 f - a ration


   Skills:
 + Level 1.8 Fighting
 * Level 2.7 Short Blades
 - Level 1.0 Throwing
 + Level 1.3 Armour
 + Level 2.3 Dodging
 + Level 1.6 Spellcasting
   Level 3.2 Translocations


You had 4 spell levels left.
You didn't know any spells.
Your spell library contained the following spells:

 Spells                   Type           Power        Failure   Level  Hunger
 Teleport Other           Tloc           #.......     30%         3    ####...
 Blink                    Tloc           N/A          16%         2    ###....
 Passage of Golubria      Tloc           N/A          69%         4    #####..
 Shroud of Golubria       Chrm/Tloc      #.........   30%         2    ###....
 Gell's Gravitas          Tloc           #.........   30%         3    ####...
 Lesser Beckoning         Tloc           #.........   30%         3    ####...


Dungeon Overview and Level Annotations

Branches:
Dungeon (1/15)

Altars:


Innate Abilities, Weirdness & Mutations

You are small and have problems with some larger weapons.
You are somewhat resistant to further mutation.


Message History

You see here 6 stones.
You see here a goblin corpse.
You aren't carrying any items that you can evoke.
Unknown command.
The kobold misses you.
You closely miss the kobold. The kobold barely misses you.
You barely miss the kobold. The kobold barely misses you.
You hit the kobold.
You kill the kobold!
You hit the frilled lizard.
You kill the frilled lizard!
The kobold hits you but does no damage.
Things that are here:
an enchanted short sword; a frilled lizard corpse You closely miss the kobold.
The kobold hits you.
You barely miss the kobold. The kobold hits you.
You barely miss the kobold. The kobold hits you.
* * * LOW HITPOINT WARNING * * *
You hit the kobold but do no damage. The kobold hits you.
You die...

#..##......♣PP..P...♣
#..######..♣PP..PP..♣..#
#..# #..♣♣♣♣♣♣♣♣♣...#
#... #..............#
...# #...............
....#
#######.####..#.###..
....
)....................
#######.#........... ##
#@#.##..#...#
...####K#.##......# #
..............#...#.#..
...##..................
#.#..........#..# #.
#.#.............###.
#.#..........##.##.. #
#...#####......... #...#
#.........


You could see a kobold.

Vanquished Creatures
  A bat (D:1)
  A giant cockroach (D:1)
  A goblin (D:1)
  A hobgoblin (D:1)
  A frilled lizard (D:1)
  A kobold (D:1)
  A rat (D:1)
7 creatures vanquished.

Notes
Turn   | Place    | Note
-------+----------+-------------------------------------------
     0 | D:1      | iamserjio the Halfling Warper began the quest for the Orb.
     0 | D:1      | Reached XP level 1. HP: 14/14 MP: 3/3
   343 | D:1      | Reached XP level 2. HP: 6/19 MP: 4/4
   404 | D:1      | Slain by a kobold

Vault maps used:
D:1:      scummos_arrival_checkerplants, minmay_gold_behind_fungi

Action                   || total
-------------------------++-------
Melee: Short sword       ||    39
Armor: Leather armour    ||    10
Dodge: Dodged            ||    25

Table legend:
 A = Spawn XP
 B = Non-spawn XP
 C = Spawn XP percentage of total XP
 D = Spawn monster count
 E = Non-spawn monster count
 F = Spawn count percentage of total count
 G = Total turns spent on level
                    A         B        C        D         E        F      G
               +---------+---------+-------+---------+---------+-------+---------
         Total |       0 |      11 |   0.0 |       0 |       7 |   0.0 |   404
               +---------+---------+-------+---------+---------+-------+---------
           D:1 |       0 |      11 |   0.0 |       0 |       7 |   0.0 |   404
               +---------+---------+-------+---------+---------+-------+---------
